 Dungeon Crawl Stone Soup version 0.28.0-53-g5a82cb258f (webtiles) character file.

Game seed: 16469696689443835163

39 Caestello the Thrower (level 3, 0/28 HPs)
             Began as a Gnoll Wanderer on June 20, 2022.
             Slain by an orc
             ... wielding a +0 hand axe
              (3 damage)
             ... on level 3 of the Dungeon.
             The game lasted 00:03:00 (1505 turns).

Caestello the Thrower (Gnoll Wanderer)              Turns: 1505, Time: 00:03:00

Health: 0/28       AC:  3    Str: 14    XL:     3   Next: 45%
Magic:  9/9        EV: 12    Int:  9    God:
Gold:   60         SH:  0    Dex: 12    Spells: 12/12 levels left

rFire   . . .      SeeInvis .   m - +0 whip
rCold   . . .      Faith    .   (no shield)
rNeg    . . .      Spirit   .   e - +0 leather armour
rPois   .          Reflect  .   (no helmet)
rElec   .          Harm     .   (no cloak)
rCorr   .          Rampage  .   (no gloves)
Will    .....                   (no boots)
Stlth   +.........              (no amulet)
HPRegen 0.09/turn               (no ring)
MPRegen 0.11/turn               (no ring)

@: brilliant, flying
A: fangs 1, strong nose, distributed training
a: no special abilities


You were on level 3 of the Dungeon.
You visited 1 branch of the dungeon, and saw 3 of its levels.

You collected 60 gold pieces.

Inventory:

Hand Weapons
 a - a +2 dagger
 c - a +0 mace
 h - a +0 mace
 m - a +0 whip (weapon)
Missiles
 b - 4 curare-tipped darts (quivered)
Armour
 e - a +0 leather armour (worn)
Jewellery
 o - a ring of magical power
Scrolls
 j - a scroll of immolation {unknown}


   Skills:
 + Level 2.6 Fighting
 + Level 0.8 Short Blades
 + Level 0.8 Long Blades
 + Level 0.8 Axes
 + Level 4.5 Maces & Flails
 + Level 0.8 Polearms
 + Level 0.8 Staves
 + Level 0.8 Slings
 + Level 0.8 Bows
 + Level 0.8 Crossbows
 + Level 8.5 Throwing
 + Level 0.8 Armour
 + Level 2.6 Dodging
 + Level 0.8 Stealth
 + Level 0.8 Shields
 + Level 0.8 Unarmed Combat
 + Level 5.0 Spellcasting
 + Level 0.5 Conjurations
 + Level 0.5 Hexes
 + Level 0.5 Summonings
 + Level 0.5 Necromancy
 + Level 0.5 Translocations
 + Level 0.5 Transmutations
 + Level 0.5 Fire Magic
 + Level 0.5 Ice Magic
 + Level 0.5 Air Magic
 + Level 0.5 Earth Magic
 + Level 0.5 Poison Magic
 + Level 1.0 Invocations
 + Level 0.8 Evocations


You had 12 spell levels left.
You didn't know any spells.
Your spell library contained the following spells:

 Spells                   Type           Power      Damage    Failure   Level
 Freeze                   Ice            16%        1d4       24%         1
 Frozen Ramparts          Ice            8%         1d2       56%         3
 Hailstorm                Conj/Ice       4%         3d4       93%         4


Dungeon Overview and Level Annotations

Branches:
Dungeon (3/15)

Altars:


Innate Abilities, Weirdness & Mutations

You have very sharp teeth.
Your uncanny sense of smell can sniff out nearby items.
Your experience applies equally to all skills.


Message History

You cannot move.
You hit the orc.
The orc is moderately wounded.
The orc hits you but does no damage. The orc hits you with a +0 hand axe.
* * * LOW HITPOINT WARNING * * *
It was a potion of cancellation.
Your magical effects are unravelling.
You feel magically purged.
You feel less wooden.
Your +0 leather armour unmelds from your body.
The orc closely misses you. The orc hits you with a +0 hand axe.
* * * LOW HITPOINT WARNING * * *
It was a potion of ambrosia.
You are confused.
You feel invigorated. The orc barely misses you.
The orc hits you with a +0 hand axe.
* * * LOW HITPOINT WARNING * * *
You bump into the rock wall.
The orc hits you with a +0 dagger.
* * * LOW HITPOINT WARNING * * *
The orc hits you with a +0 hand axe.
* * * LOW HITPOINT WARNING * * *
It was a potion of curing.
You feel better.
You feel less invigorated. The orc closely misses you.
The orc hits you with a +0 hand axe.
It was a potion of flight.
You feel very buoyant.
You fly up into the air.
The orc completely misses you. The orc hits you with a +0 hand axe.
It was a potion of brilliance.
You feel clever all of a sudden. The orc hits you with a +0 dagger.
* * * LOW HITPOINT WARNING * * *
The orc misses you.
You hit the orc but do no damage.
The orc is lightly wounded.
The orc misses you. The orc hits you with a +0 hand axe.
* * * LOW HITPOINT WARNING * * *
You hit the orc.
The orc is heavily wounded.
The orc barely misses you. The orc hits you with a +0 hand axe.
You die...

########
#...@o.#
#...)o......
#....)..####
#....>..#
#_......#
#......<#
#........
#......###


You could see 2 orcs.

Vanquished Creatures
  A gnoll (D:3)
  A worm (D:2)
  2 dart slugs (D:1)
  2 endoplasms (D:1)
  3 goblins (D:1)
  A hobgoblin (D:1)
  2 quokkas (D:2)
  2 ball pythons (D:1)
  6 bats
  2 frilled lizards (D:1)
  A rat (D:1)
23 creatures vanquished.

Notes
Turn   | Place    | Note
-------+----------+-------------------------------------------
     0 | D:1      | Caestello the Gnoll Wanderer began the quest for the Orb.
     0 | D:1      | Caestello set off with the following items: a +2 dagger, 4
                  | curare-tipped darts, a +0 mace, a potion of lignification,
                  | a +0 leather armour
     0 | D:1      | Reached XP level 1. HP: 17/17 MP: 6/6
     0 | D:1      | Noticed a vine stalker
     1 | D:1      | Noticed a felid
     3 | D:1      | Noticed an ogre
     5 | D:1      | Noticed a draconian
     6 | D:1      | Noticed a minotaur
     7 | D:1      | Noticed a spriggan
     8 | D:1      | Noticed an ogre
    10 | D:1      | Noticed a naga
    12 | D:1      | Noticed an octopode
    12 | D:1      | Noticed a minotaur
    13 | D:1      | Noticed a troll
    16 | D:1      | Noticed an ogre
    18 | D:1      | Noticed a naga
    18 | D:1      | Noticed a demigod
   378 | D:1      | Reached XP level 2. HP: 22/23 MP: 7/7
   905 | D:2      | Reached XP level 3. HP: 18/28 MP: 9/9
  1095 | D:2      | Reached skill level 5 in Spellcasting
  1472 | D:3      | Found a faded altar of an unknown god.
  1497 | D:3      | Reached skill level 1 in Invocations
  1505 | D:3      | Slain by an orc

Illustrated notes

Levels and vault maps discovered:
D:1:      shiori_arrival_whats_in_store_for_you, layout_rooms, nrook_campfire,
          nrook_mini_vaults
D:2:      layout_basic, grunt_ministairs_4
D:3:      layout_rooms, nicolae_gozag_seed_capital, tso_oasis_becter,
          basic_ecumenical_altar

Skill      XL: |  1  2  3 |
---------------+----------+-----
Spellcasting   | 5 |  5.0
Invocations    | 1 |  1.0
Fighting       | |  2.6
Short Blades   | |  0.8
Long Blades    | |  0.8
Axes           | |  0.8
Maces & Flails | |  4.5
Polearms       | |  0.8
Staves         | |  0.8
Slings         | |  0.8
Bows           | |  0.8
Crossbows      | |  0.8
Throwing       | |  8.5
Armour         | |  0.8
Dodging        | |  2.6
Stealth        | |  0.8
Shields        | |  0.8
Unarmed Combat | |  0.8
Conjurations   | |  0.5
Hexes          | |  0.5
Summonings     | |  0.5
Necromancy     | |  0.5
Translocations | |  0.5
Transmutations | |  0.5
Fire Magic     | |  0.5
Ice Magic      | |  0.5
Air Magic      | |  0.5
Earth Magic    | |  0.5
Poison Magic   | |  0.5
Evocations     | |  0.8

Action                   || total
-------------------------++-------
Melee: Dagger            ||    10
       Mace              ||    49
       Bite              ||     6
       Whip              ||    37
       Punch             ||     1
  Use: Potion            ||     7
 Stab: Sleeping          ||     1
Armor: Leather armour    ||    29
       Skin              ||    40
Dodge: Dodged            ||    67
